Construct Medical Station
Selects Advanced Infantry Battlegroup
Selects Convert to Ranger Squad
Selects Frontline Medical Station
M1918 Browning Automatic Rifles
Frontline Medical Station
Selects Ranger Weapon Training
M18 Hellcat Tank Destroyer
Selects Artillery Observers
M18 Hellcat Tank Destroyer
Selects M2A1 105mm Howitzer Emplacement
Selects 155mm Rapid Artillery Barrage
M18 Hellcat Tank Destroyer
M18 Hellcat Tank Destroyer